 Dungeon Crawl Stone Soup version 0.31-a0-1074-g0b22e4e0f1 (webtiles) character file.

Game seed: 15188433280211589701

28 bmb222 the Sneak (level 2, -3/24 HPs)
             Began as a Demonspawn Delver on Nov 30, 2023.
             Killed from afar by Natasha (4 damage)
             ... with a magic dart
             ... on level 4 of the Dungeon.
             The game lasted 00:00:34 (159 turns).

bmb222 the Sneak (Demonspawn Delver)                 Turns: 159, Time: 00:00:35

Health: -3/24      AC:  3    Str: 12    XL:     2   Next: 96%
Magic:  2/2        EV: 11    Int: 11    God:
Gold:   0          SH:  0    Dex: 14    Spells: 1/1 levels left

rFire   . . .        a - +0 mace
rCold   . . .        (no shield)
rNeg    . . .        b - +0 leather armour
rPois   .            (no helmet)
rElec   .            (no cloak)
rCorr   .            (no gloves)
SInv    .            (no boots)
Will    .....        (no amulet)
Stlth   +++          (no ring)
HPRegen 0.24/turn    (no ring)
MPRegen 0.08/turn

%: no passive effects
@: hasted, very quick
A: ignite blood 1
a: no special abilities


You were on level 4 of the Dungeon.
You visited 1 branch of the dungeon, and saw 2 of its levels.

Inventory:

Hand Weapons
 a - a +0 mace (weapon)
Armour
 b - a +0 leather armour (worn)
Wands
 g - a wand of digging (3)
Scrolls
 c - a scroll of fog
 d - a scroll of revelation
 e - a scroll of fear


   Skills:
 + Level 3.1 Fighting
 * Level 2.0 Maces & Flails
 - Level 1.8 Dodging
 - Level 5.1 Stealth


You had one spell level left.
You didn't know any spells.
Your spell library was empty.

Dungeon Overview and Level Annotations

Branches:
Dungeon (5/15)
 Temple: D:4-7

Altars:
Dithmenos

Shops:
D:4 *

Annotations:
D:4 Natasha


Innate Abilities, Weirdness & Mutations

Your demonic aura sometimes causes spilled blood to erupt in flames.


Message History

The hound misses you. The hound completely misses you.
You hit the hound.
The hound is severely wounded.
The hound bites you. x2
You miss the hound.
The hound is severely wounded.
The hound barely misses you. The hound closely misses you.
You sock the hound!
You kill the hound!
Your Maces & Flails skill increases to level 2!
Your Stealth skill increases to level 5!
You have reached level 2!
Your demonic ancestry asserts itself...
Your blood heats up.
You start resting.
HP restored.
Found an escape hatch in the ceiling.
There is an escape hatch in the ceiling here.
A mysterious force pulls you upwards. The hatch slams shut behind you.
Found Zin's Purification Station.
Found a glowing silver altar of Zin.
There is an entrance to Zin's Purification Station here.
Natasha, Servant of Life and Death comes into view.
Natasha hisses angrily.
Natasha casts a spell.
Natasha is nearby!
You start waiting.
Natasha is nearby!
Natasha hisses angrily.
Natasha claws you.
You barely miss Natasha. Natasha claws you!
You barely miss Natasha. Natasha closely misses you. Natasha claws you!
* * * LOW HITPOINT WARNING * * *
You closely miss Natasha. Natasha claws you.
* * * LOW HITPOINT WARNING * * *
Okay, then.
You feel yourself speed up. Natasha casts a spell at you.
The magic dart hits you.
You die...
Natasha begins licking her fur clean.

h....
..... ...#
...# #..
######.#
##...##.#
##.....#.#
#...∩..@h#
#........#
##.....###
#..#_#..#
#.##⌠##.#
#. ### .#
#. ## #


You could see Natasha.

Vanquished Creatures
  A hound (D:5)
1 creature vanquished.

Notes
Turn   | Place    | Note
-------+----------+-------------------------------------------
     0 | D:5      | bmb222 the Demonspawn Delver began the quest for the Orb.
     0 | D:5      | Reached XP level 1. HP: 18/18 MP: 1/1
     7 | D:5      | Found a shadowy altar of Dithmenos.
     7 | D:5      | Noticed a hound
    20 | D:5      | Killed a hound
    21 | D:5      | Reached skill level 5 in Stealth
    21 | D:5      | Gained mutation: Your demonic aura sometimes causes spilled
                  | blood to erupt in flames. [demonic ancestry]
    21 | D:5      | Reached XP level 2. HP: 18/24 MP: 2/2
    71 | D:4      | Found Zin's Purification Station.
    78 | D:4      | Noticed Natasha
   158 | D:4      | HP: 1/24 [Natasha (5)]
   159 | D:4      | Killed from afar by Natasha

Illustrated notes

Levels and vault maps discovered:
D:4:      layout_rooms, zin_purify, minmay_misc_feat_alley, kennysheep_doodads,
          grunt_decor_one_mirror, lemuel_flame_loot_1, uniq_natasha
D:5:      layout_loops_ring, nicolae_dithmenos_shadow_blocks,
          gammafunk_ghost_stat_death

Skill      XL: |  1 |
---------------+----+-----
Maces & Flails | 2 |  2.0
Stealth        | 5 |  5.1
Fighting       | |  3.1
Dodging        | |  1.8

Action                     || total
---------------------------++-------
  Melee: Mace              ||     7
    Use: Potion            ||     1
 Armour: Leather armour    ||     7
  Dodge: Dodged            ||     5

Table legend: (Time is in decaauts)
 A = Elapsed time spent in this place.
 B = Non-inter-level travel time spent in this place.
 C = Inter-level travel time spent in this place.
 D = Time resting spent in this place.
 E = Time spent auto-exploring this place.
 F = Levels seen in this place.
 G = Mean time per level.
                   A        B        C        D        E       F      G
               +--------+--------+--------+--------+--------+-----+--------+
         Total |    160 |    160 |      0 |     96 |     21 |   2 |   80.0 |
       Dungeon |    160 |    160 |      0 |     96 |     21 |   2 |   80.0 |
               +--------+--------+--------+--------+--------+-----+--------+

Top non-repeatable levels by time:
     D:4: 88 daAuts
     D:5: 72 daAuts
